[Event "Romanian-ch Youth Girls U16 2024"]
[Site "Eforie Nord"]
[Date "2024.04.12"]
[Round "1.1"]
[White "Maria, Lia-Alexandra"]
[Black "Stan, Oana-Bianca"]
[Result "1-0"]
[ECO "E17"]
[WhiteElo "1924"]
[BlackElo "1623"]
[Annotator "TA"]
[PlyCount "55"]
[EventDate "2024.04.10"]
[EventType "swiss"]
[EventCountry "ROU"]
[SourceTitle "playchess.com"]
[Source "ChessBase"]
[SourceQuality "1"]
[TimeControl "5400+30"]

1. c4 Nf6 2. Nf3 e6 3. g3 d5 4. Bg2 Be7 5. O-O O-O 6. d4 b6 7. Qc2 Bb7 8. Ne5 (8. cxd5 {is superior.} Nxd5 9. Rd1) 8... c5 $11 9. e3 Qc7 10. b3 Rd8 {[%emt 0:04:56] Black is slightly better.} 11. Bb2 Nbd7 12. Nxd7 Rxd7 13. Nd2 cxd4 (13... dxc4 {looks sharper.} 14. bxc4 Bxg2 15. Kxg2 Qb7+) 14. exd4 h6 15. Rac1 Rc8 16. Rfe1 dxc4 {[%emt 0:04:38] Threatens to win with ...Bxg2.} 17. bxc4 Bxg2 18. Kxg2 Bb4 19. a3 Bxd2 20. Qxd2 Qb7+ 21. f3 Rdc7 {[%emt 0:04:41] [#]} (21... Rc6 $15) 22. d5 $1 $14 {[%emt 0:02:51] d6 is the strong threat.} Rxc4 (22... Nd7 23. dxe6) 23. Rxc4 Rxc4 24. dxe6 (24. Bxf6 $16 gxf6 25. dxe6 fxe6 26. Qxh6 (26. Rxe6 Qc8 $11)) 24... fxe6 (24... Qd5 $11 25. exf7+ Kxf7) 25. Bxf6 $1 $16 (25. Rxe6 $6 Qd5 26. Rd6 Qxd2+ 27. Rxd2 Kf7 $11) 25... gxf6 {[%emt 0:00:35] KQR-KQR} 26. Qd3 Rc5 ({But not} 26... Rc6 $2 27. Qg6+ Kf8 28. Qxf6+ (28. Qxh6+ Qg7 $16) 28... Qf7 29. Qxh6+ Qg7 30. Qf4+ Qf7 31. Qb4+ Ke8 32. Qe4 $18) (26... Rc8 $14) 27. Rxe6 $18 Qf7 {[%emt 0:00:50] [#] Dodges Qg6+} 28. Qd8+ $1 {[%emt 0:00:12] Weighted Error Value: White=0.21 (precise) /Black=0.27 (precise) .  Loses game:     	---       	Black=1      Mistake:       	White=1     	Black=2      Inaccurate:     	White=2     	Black=1      OK:         	White=1     	Black=5      Best:        	White=1     	---        Strong:       	White=1     	---        Brilliant:      	White=1     	---} 1-0

[Event "Romanian-ch Youth Girls U16 2024"]
[Site "Eforie Nord"]
[Date "2024.04.12"]
[Round "1.2"]
[White "Dumitrache, Elisa-Andreea"]
[Black "Criveanu, Maria"]
[Result "0-1"]
[ECO "C30"]
[WhiteElo "1613"]
[BlackElo "1762"]
[Annotator "NA RC COMBH"]
[PlyCount "62"]
[EventDate "2024.04.10"]
[EventType "swiss"]
[EventCountry "ROU"]
[SourceTitle "playchess.com"]
[Source "ChessBase"]
[SourceQuality "1"]
[TimeControl "5400+30"]

1. e4 e5 2. Nc3 Bc5 3. f4 d6 4. Nf3 Nf6 5. Bc4 O-O 6. d3 exf4 7. Bxf4 Nc6 8. Ne2 Bg4 9. Ng3 Re8 10. Bb5 d5 11. Bxc6 bxc6 12. e5 Bd4 13. Qc1 Bxf3 14. gxf3 Bxe5 15. O-O Qd7 16. c3 c5 17. Kh1 Qh3 18. Rf2 Nh5 19. Nxh5 Qxh5 20. Bxe5 Rxe5 21. Qf4 Rae8 22. Rg1 Re1 23. Rfg2 g6 24. Qg3 R1e3 25. Qxc7 Qxf3 26. Qxc5 Re2 27. Qc6 R8e6 28. Qc8+ Kg7 29. Qc5 Rxg2 30. Qd4+ Kg8 31. Rxg2 Re1+ 0-1

[Event "Romanian-ch Youth Girls U16 2024"]
[Site "Eforie Nord"]
[Date "2024.04.13"]
[Round "2.1"]
[White "Rusu, Anastasia"]
[Black "Maria, Lia-Alexandra"]
[Result "0-1"]
[ECO "B84"]
[WhiteElo "1590"]
[BlackElo "1924"]
[Annotator "TA"]
[PlyCount "76"]
[EventDate "2024.04.10"]
[EventType "swiss"]
[EventCountry "ROU"]
[SourceTitle "playchess.com"]
[Source "ChessBase"]
[SourceQuality "1"]
[TimeControl "5400+30"]

1. e4 c5 2. Nf3 e6 3. d4 cxd4 4. Nxd4 a6 5. Nc3 Qc7 6. Be2 Nf6 7. a3 d6 8. Be3 Be7 9. Qd2 O-O 10. O-O Nbd7 11. Nb3 b5 12. f4 Bb7 13. Bf3 Rac8 14. Qf2 d5 15. exd5 exd5 16. Rad1 {[%emt 0:08:49][%cal Ob3d4] The position is equal.} Ne4 (16... Rfe8 $5) 17. Bxe4 dxe4 18. Nd5 (18. Nd4 $11 {remains equal.}) 18... Bxd5 $17 (18... Qxc2 $2 {too greedy.} 19. Nxe7+ Kh8 20. Qxc2 (20. Rxd7 Qxb3 21. Rxb7 Rcd8 $18) 20... Rxc2 21. Rxd7 $18) 19. Rxd5 Nf6 (19... Qxc2 $2 {is the wrong capture.} 20. Qxc2 (20. Rxd7 Qxb3 21. Rxe7 Rc2 $18) 20... Rxc2 21. Rxd7 $18) 20. Rd2 Ng4 21. Qe2 Nxe3 22. Qxe3 f5 23. Rfd1 Bf6 24. c3 Qf7 (24... Rfd8 $15) 25. Nd4 Be7 26. Kh1 h6 27. g3 Bc5 28. Rg2 h5 29. h3 (29. Rgd2 $15) 29... Rcd8 30. Qe2 Rd6 {[%emt 0:00:30] Dodges Nc6} 31. Nc2 (31. Qe3 $17 {was necessary.}) 31... Rfd8 $19 32. Rxd6 Rxd6 33. g4 $2 (33. h4 {is a better chance.}) 33... Rd3 {[%emt 0:00:30] [#] White must now prevent ...Qd5.} 34. Rh2 Qd7 {[%emt 0:00:30] ( -> ...Rd1+)} 35. gxh5 Rd1+ {[%emt 0:00:30] Black mates.} 36. Ne1 Qd3 37. h4 {[%emt 0:00:30] White is weak on the dark squares} Qb1 38. Qc2 Rxe1+ {[%emt 0:00:30] Weighted Error Value: White=0.77/Black=0.11 (very precise) .  Mistake:       	White=4     	Black=1      Inaccurate:     	White=6     	Black=3      OK:         	White=4     	Black=9      Best:        	---       	Black=2} 0-1

[Event "Romanian-ch Youth Girls U16 2024"]
[Site "Eforie Nord"]
[Date "2024.04.13"]
[Round "2.2"]
[White "Criveanu, Maria"]
[Black "Plotic, Patricia-Stefania"]
[Result "1-0"]
[ECO "C45"]
[WhiteElo "1762"]
[BlackElo "1499"]
[Annotator "NA RC COMBH"]
[PlyCount "51"]
[EventDate "2024.04.10"]
[EventType "swiss"]
[EventCountry "ROU"]
[SourceTitle "playchess.com"]
[Source "ChessBase"]
[SourceQuality "1"]
[TimeControl "5400+30"]

1. e4 e5 2. Nf3 Nc6 3. d4 exd4 4. Nxd4 Bc5 5. Nb3 Bb6 6. Nc3 d6 7. Qe2 Nf6 8. Bg5 Be6 9. Nd5 Nd4 10. Nxd4 Bxd4 11. c3 Bc5 12. O-O-O c6 13. e5 cxd5 14. exf6 gxf6 15. Qb5+ Qd7 16. Qxd7+ Kxd7 17. Bxf6 Bxf2 18. Bb5+ Kc7 19. Bxh8 Rxh8 20. Rhf1 Bc5 21. Be2 Kd7 22. Bf3 Rg8 23. g3 Rg5 24. Bg2 Bf5 25. Rxf5 Rxf5 26. Bh3 1-0

[Event "Romanian-ch Youth Girls U16 2024"]
[Site "Eforie Nord"]
[Date "2024.04.13"]
[Round "3.1"]
[White "Maria, Lia-Alexandra"]
[Black "Criveanu, Maria"]
[Result "1/2-1/2"]
[ECO "C60"]
[WhiteElo "1924"]
[BlackElo "1762"]
[Annotator "TA"]
[PlyCount "69"]
[EventDate "2024.04.10"]
[EventType "swiss"]
[EventCountry "ROU"]
[SourceTitle "playchess.com"]
[Source "ChessBase"]
[SourceQuality "1"]
[TimeControl "5400+30"]

1. e4 e5 2. Nf3 Nc6 3. Bb5 a6 4. Ba4 d6 5. c3 Bd7 6. O-O Nf6 7. Re1 g6 8. h3 Bg7 9. d4 O-O 10. Nbd2 Qe8 11. Bb3 Nh5 12. Nf1 Kh8 {[%emt 0:05:32] White is slightly better.} 13. Bg5 h6 14. Be3 f5 15. exf5 gxf5 16. dxe5 dxe5 17. Bc5 {[%emt 0:02:18] White is more active.} Rf6 18. Ne3 Be6 (18... Nf4 $1 $11) 19. Bxe6 $16 Qxe6 {[%emt 0:02:31] [#]} 20. Nd5 {[%emt 0:00:56] Repels Nf4} (20. Nxe5 $1 $16 Nxe5 (20... Qxe5 $2 21. Nd5 $18) 21. Qxh5) 20... Rd8 $11 21. c4 {[%emt 0:00:35][%cal Of3e5] Nxe5! would now be deadly.} Nf4 22. Nd4 $2 {[%emt 0:07:00][%mdl 8192] [#] This move loses the game for White.} Rxd5 $1 $19 (22... exd4 $2 23. Rxe6 (23. Nxf4 Qxc4 24. Qc1 Qf7 $15) 23... Nxe6 24. Nxf6 Bxf6 25. Qh5 $18) (22... Nxd4 23. Nxf4 Qxc4 24. Rc1 $14 (24. Rxe5 $2 Rc6 $19) (24. Rxe5 $2 Rc6 $19)) 23. cxd5 (23. Nxe6 {was the only defense.} Rxd1 24. Raxd1 Nxe6 (24... Rxe6 25. Be3 $17) 25. Be3) 23... Qxd5 (23... exd4 $2 24. dxe6 Nxe6 25. Ba3 $18) 24. Qf3 Qxc5 25. Nxc6 Rxc6 26. Red1 $2 (26. Rec1 {is a better defense.} Qb5 (26... Qxc1+ 27. Rxc1 Rxc1+ 28. Kh2 $17) 27. Rxc6 bxc6 (27... Qxc6 $2 28. Qxc6 bxc6 29. Rd1 $19) 28. Re1) 26... Qe7 27. g3 Nxh3+ 28. Kg2 Ng5 29. Qxf5 Ne6 30. Rh1 (30. Rac1 $142) 30... Qc5 31. Rad1 {[%emt 0:02:21] Dodges Qd5+. Black has a decisive advantage.} Nd4 32. Qe4 Rb6 33. Rc1 Qe7 34. Rhd1 {[%emt 0:00:56] aiming for Rxd4.} Qf7 ({And not} 34... Rxb2 35. Rxd4 Qf6 36. Rd3 Rxf2+ (36... Qxf2+ 37. Kh3 $11) 37. Kh1 $11) 35. Rd2 {[%emt 0:02:00][%mdl 32768] Weighted Error Value: White=0.48/Black=0.40.  Loses game:     	White=1     	---        Mistake:       	White=4     	Black=1      Inaccurate:     	White=4     	Black=3      OK:         	White=10    	Black=7      Best:        	White=1     	---        Strong:       	---       	Black=1     . An unexpected result.} 1/2-1/2

[Event "Romanian-ch Youth Girls U16 2024"]
[Site "Eforie Nord"]
[Date "2024.04.13"]
[Round "3.2"]
[White "Marcu, Daria-Ana"]
[Black "Pandelescu, Maria-Catalina"]
[Result "1-0"]
[ECO "B38"]
[WhiteElo "1744"]
[BlackElo "1730"]
[Annotator "NA RC COMBH"]
[PlyCount "77"]
[EventDate "2024.04.10"]
[EventType "swiss"]
[EventCountry "ROU"]
[SourceTitle "playchess.com"]
[Source "ChessBase"]
[SourceQuality "1"]
[TimeControl "5400+30"]

1. e4 c5 2. Nf3 Nc6 3. d4 cxd4 4. Nxd4 g6 5. c4 Bg7 6. Be3 Nh6 7. h3 O-O 8. Nxc6 dxc6 9. Qc1 Qa5+ 10. Nc3 Qh5 11. Be2 Bg4 12. f3 f5 13. Bf2 Rf7 14. fxg4 fxg4 15. Qe3 Rd8 16. Rd1 Rxd1+ 17. Bxd1 b6 18. c5 b5 19. Bb3 b4 20. Nd1 Qe5 21. Bxf7+ Nxf7 22. O-O gxh3 23. Qxh3 Qxe4 24. Re1 Qd5 25. Qc8+ Bf8 26. Qe6 Qxe6 27. Rxe6 Nd8 28. Re4 a5 29. b3 Kf7 30. Nb2 Bg7 31. Nc4 Nb7 32. Bh4 Nxc5 33. Rxe7+ Kg8 34. Re8+ Bf8 35. Be7 Nd7 36. Bxf8 Nxf8 37. Nxa5 Kf7 38. Rc8 h5 39. Nxc6 1-0

[Event "Romanian-ch Youth Girls U16 2024"]
[Site "Eforie Nord"]
[Date "2024.04.14"]
[Round "4.1"]
[White "Pandelescu, Maria-Catalina"]
[Black "Maria, Lia-Alexandra"]
[Result "0-1"]
[ECO "A36"]
[WhiteElo "1730"]
[BlackElo "1924"]
[Annotator "TA"]
[PlyCount "70"]
[EventDate "2024.04.10"]
[EventType "swiss"]
[EventCountry "ROU"]
[SourceTitle "playchess.com"]
[Source "ChessBase"]
[SourceQuality "1"]
[TimeControl "5400+30"]

1. e4 c5 2. c4 Nc6 3. Nc3 g6 4. g3 Bg7 5. Bg2 e6 6. Nge2 d6 7. O-O Nge7 8. d3 O-O 9. Be3 Nd4 10. Rb1 Nec6 11. a3 a5 12. Nb5 Nxe2+ 13. Qxe2 a4 14. Rfd1 (14. f4 $14 {is more appropriate.}) 14... Nd4 15. Bxd4 cxd4 16. b3 h5 17. bxa4 Rxa4 18. Qc2 Ra6 19. Qb3 h4 20. Rbc1 e5 21. c5 h3 {[%emt 0:01:56] [#] White must now prevent ...Be6.} 22. Bh1 $2 (22. Bf1 $15) 22... Bg4 (22... Bh6 $19 {has better winning chances.} 23. Rc4 dxc5 24. Rxc5 Rc6 (24... Be6 $2 25. Qb2 $19) 25. Rxc6 (25. Rxe5 $2 {too greedy.} Bg4 $19) 25... bxc6) 23. Re1 (23. Nxd6 $17 Bxd1 24. Rxd1) 23... Bh6 $19 24. Rc2 dxc5 25. f3 $2 (25. Rb1) 25... Be6 26. Qb2 Qb6 {[%emt 0:01:27] [#] Hoping for ...Be3+. White is weak on the dark squares} 27. Rd1 Ra5 28. Rb1 Bd7 29. a4 Rxa4 30. Rc4 Ra5 31. Qc2 Rxb5 {[%emt 0:00:13] Black mates.} 32. Rxb5 Bxb5 33. Qb3 Qa6 34. Rxc5 Be3+ 35. Kf1 Bxd3+ {[%emt 0:00:06] Weighted Error Value: White=1.16/Black=0.19 (very precise) .  Loses game:     	White=2     	---        Mistake:       	White=2     	Black=1      Inaccurate:     	White=2     	Black=1      OK:         	White=3     	Black=5} 0-1

[Event "Romanian-ch Youth Girls U16 2024"]
[Site "Eforie Nord"]
[Date "2024.04.14"]
[Round "4.2"]
[White "Criveanu, Maria"]
[Black "Marcu, Daria-Ana"]
[Result "1-0"]
[ECO "B50"]
[WhiteElo "1762"]
[BlackElo "1744"]
[Annotator "NA RC"]
[PlyCount "90"]
[EventDate "2024.04.10"]
[EventType "swiss"]
[EventCountry "ROU"]
[SourceTitle "playchess.com"]
[Source "ChessBase"]
[SourceQuality "1"]
[TimeControl "5400+30"]

1. e4 c5 2. Nf3 d6 3. c3 Nf6 4. Bd3 Nc6 5. h3 g6 6. O-O Bg7 7. Re1 O-O 8. Bf1 e5 9. d3 h6 10. a4 Re8 11. Na3 Rb8 12. Nc4 a6 13. Qc2 b5 14. axb5 axb5 15. Ne3 Be6 16. d4 exd4 17. cxd4 Nxd4 18. Nxd4 cxd4 19. Nd1 Nd7 20. Bf4 Qb6 21. Qd2 Nc5 22. Qb4 g5 23. Bh2 Be5 24. Ra3 Bd7 25. f3 Ra8 26. Nf2 Rxa3 27. bxa3 Ra8 28. Rb1 Ra4 29. Qb2 Ra5 30. Ng4 Bxg4 31. hxg4 Na4 32. Qb3 Nc3 33. Ra1 d3+ 34. Kh1 d2 35. Bxe5 d1=Q 36. Rxd1 Nxd1 37. Ba1 Ne3 38. Qc3 Kf8 39. Qg7+ Ke8 40. Bd4 Qc6 41. Bxe3 Rxa3 42. Qh8+ Kd7 43. Qb2 b4 44. Bd2 Qb6 45. Bc4 Ke7 1-0

[Event "Romanian-ch Youth Girls U16 2024"]
[Site "Eforie Nord"]
[Date "2024.04.15"]
[Round "5.1"]
[White "Rusu, Anastasia"]
[Black "Criveanu, Maria"]
[Result "1/2-1/2"]
[ECO "C54"]
[WhiteElo "1590"]
[BlackElo "1762"]
[Annotator "NA RC"]
[PlyCount "84"]
[EventDate "2024.04.10"]
[EventType "swiss"]
[EventCountry "ROU"]
[SourceTitle "playchess.com"]
[Source "ChessBase"]
[SourceQuality "1"]
[TimeControl "5400+30"]

1. e4 e5 2. Nf3 Nc6 3. Bc4 Bc5 4. c3 Nf6 5. d3 d6 6. O-O h6 7. h3 O-O 8. Re1 a5 9. Nbd2 Ba7 10. Nf1 Ne7 11. Be3 Ng6 12. Bxa7 Rxa7 13. d4 Qe7 14. Ng3 Nf4 15. Nh4 Nxe4 16. Nhf5 Bxf5 17. Nxf5 Qg5 18. Qg4 Qxg4 19. hxg4 Nd2 20. Bb5 c6 21. Rad1 exd4 22. Nxd4 cxb5 23. Rxd2 b4 24. c4 Ra6 25. Nf5 Rd8 26. Red1 Kf8 27. Nxd6 Rd7 28. b3 g6 29. Kf1 a4 30. g3 Ne6 31. Nb5 Rxd2 32. Rxd2 axb3 33. axb3 Nc5 34. Rb2 Ra1+ 35. Ke2 Ke7 36. Nc7 Ra3 37. Nd5+ Kd6 38. Nxb4 Nxb3 39. Nc2 Nc1+ 40. Kd2 Nd3 41. Ke2 Ke5 42. Kd2 Kd6 1/2-1/2

[Event "Romanian-ch Youth Girls U16 2024"]
[Site "Eforie Nord"]
[Date "2024.04.15"]
[Round "5.2"]
[White "Dumitrache, Elisa-Andreea"]
[Black "Maria, Lia-Alexandra"]
[Result "1-0"]
[ECO "B96"]
[WhiteElo "1613"]
[BlackElo "1924"]
[Annotator "NA RC"]
[PlyCount "87"]
[EventDate "2024.04.10"]
[EventType "swiss"]
[EventCountry "ROU"]
[SourceTitle "playchess.com"]
[Source "ChessBase"]
[SourceQuality "1"]
[TimeControl "5400+30"]

1. e4 c5 2. Nf3 d6 3. d4 Nf6 4. Nc3 cxd4 5. Nxd4 a6 6. Bg5 Nbd7 7. f4 e6 8. Qf3 Qc7 9. O-O-O b5 10. Bxf6 Nxf6 11. Bd3 Bb7 12. g4 Be7 13. Rhe1 Nd7 14. Qg3 b4 15. Nb1 Qb6 16. Bc4 Bf6 17. Nb3 Rc8 18. Qd3 O-O 19. g5 Be7 20. h4 Qc7 21. N1d2 Nb6 22. Na5 d5 23. exd5 Nxc4 24. Naxc4 Bxd5 25. b3 Qxf4 26. Nb6 Rcd8 27. Nxd5 Rxd5 28. Qe4 Bd6 29. Rf1 Qe5 30. Qxe5 Bxe5 31. Nc4 Rxd1+ 32. Rxd1 h6 33. Nxe5 hxg5 34. hxg5 f6 35. Nd7 Rf7 36. g6 Re7 37. Nc5 Re8 38. Nxe6 f5 39. Rd7 f4 40. Rxg7+ Kh8 41. Rh7+ Kg8 42. Nxf4 a5 43. Nd5 Re6 44. Ne7+ 1-0

[Event "Romanian-ch Youth Girls U16 2024"]
[Site "Eforie Nord"]
[Date "2024.04.16"]
[Round "6.1"]
[White "Criveanu, Maria"]
[Black "Pandelescu, Maria-Catalina"]
[Result "0-1"]
[ECO "B31"]
[WhiteElo "1762"]
[BlackElo "1730"]
[Annotator "NA RC"]
[PlyCount "83"]
[EventDate "2024.04.10"]
[EventType "swiss"]
[EventCountry "ROU"]
[SourceTitle "playchess.com"]
[Source "ChessBase"]
[SourceQuality "1"]
[TimeControl "5400+30"]

1. e4 c5 2. Nf3 Nc6 3. Bb5 g6 4. O-O Bg7 5. c3 a6 6. Bxc6 bxc6 7. d4 cxd4 8. cxd4 d5 9. e5 Bg4 10. h3 Bxf3 11. Qxf3 e6 12. Qc3 Qb6 13. b3 f6 14. exf6 Nxf6 15. Qe3 O-O 16. Ba3 Rfe8 17. Nd2 Nd7 18. Nf3 e5 19. Rae1 e4 20. Bc5 Nxc5 21. dxc5 Qb4 22. Nh2 Bd4 23. Qg5 Qxc5 24. Rc1 Qd6 25. Ng4 Rf8 26. Rc2 Rac8 27. Rfc1 Bg7 28. Ne3 d4 29. Nc4 Qe6 30. Nb6 Rf5 31. Qh4 Bf6 32. Qg3 d3 33. Rd2 Rd8 34. Qc7 Qd6 35. Rxc6 Qxc7 36. Rxc7 Bg5 37. Rd1 e3 38. fxe3 Bxe3+ 39. Kh1 Bxb6 40. Rc6 Be3 41. Rxa6 Rc5 42. Ra5 0-1

[Event "Romanian-ch Youth Girls U16 2024"]
[Site "Eforie Nord"]
[Date "2024.04.16"]
[Round "6.2"]
[White "Maria, Lia-Alexandra"]
[Black "Marcu, Daria-Ana"]
[Result "1-0"]
[ECO "A53"]
[WhiteElo "1924"]
[BlackElo "1744"]
[Annotator "TA"]
[PlyCount "87"]
[EventDate "2024.04.10"]
[EventType "swiss"]
[EventCountry "ROU"]
[SourceTitle "playchess.com"]
[Source "ChessBase"]
[SourceQuality "1"]
[TimeControl "5400+30"]

1. Nf3 Nf6 2. c4 c5 3. Nc3 d6 4. d4 cxd4 5. Nxd4 Nbd7 6. e4 g6 7. Be2 Bg7 8. Be3 {[%emt 0:02:19] White is slightly better.} b6 9. O-O {[%emt 0:02:23] White is more active.} Bb7 10. f3 Rc8 11. Rc1 h6 12. Qd2 Ne5 ({Black should play} 12... h5) 13. Nd5 $1 $16 Nc6 14. Nxf6+ Bxf6 15. Nxc6 Bxc6 16. Bxh6 Rxh6 17. Qxh6 Bd4+ {[%emt 0:00:11] A strong pair of Bishops.} 18. Kh1 {[%emt 0:00:20] Black must now prevent b3.} e6 (18... Bxb2 $16 19. Rb1 Bf6) 19. Qd2 $18 Qf6 20. b4 Ke7 21. Rcd1 e5 22. Qc1 (22. h3 $142) 22... Rh8 23. g3 Bd7 {[%emt 0:05:37][%cal Oh8h2] [#] ( -> ...Rxh2+!)} 24. Rxd4 $1 exd4 25. Rf2 Qe5 26. Kg1 $36 {[%emt 0:01:08][%mdl 2048] White has strong initiative.} Rc8 27. Bd3 b5 {[%emt 0:04:41] ...bxc4 is the strong threat.} 28. Rc2 Qh5 29. Qf1 ({White should try} 29. g4 $16 Qe5 30. c5 dxc5 31. bxc5 (31. Rxc5 Rxc5 32. Qxc5+ Qxc5 $16)) 29... a5 $1 $14 30. a3 axb4 31. axb4 Ra8 $2 (31... bxc4 $1 $11 32. Rxc4 (32. Bxc4 Bb5 $11) 32... Ra8) 32. c5 (32. cxb5 $18 {b6 would now be deadly.} Ra4 33. Rb2) 32... Bh3 (32... dxc5 $16 33. Rxc5 (33. Bxb5 d3 $11) 33... Bh3) 33. Qd1 (33. cxd6+ $18 {is the precise move to win.} Kf8 34. Qd1) 33... Qh6 $2 (33... dxc5 $16 {keeps fighting.} 34. Rxc5 Ra1 35. Rc7+ (35. Qxa1 Qxf3 36. Rc2 Qxd3 $14) 35... Kd8 36. Qxa1 (36. Rxf7 Rxd1+ 37. Kf2 Rxd3 38. Rf4 Rd2+ 39. Kg1 d3 40. Rf8+ Ke7 41. Rg8 Qxf3 42. Rg7+ Kf8) 36... Qxf3 37. Qxd4+ (37. Rc2 Qxd3 38. Qa8+ Ke7 $11) 37... Kxc7 38. Qc5+ (38. Bxb5 $2 Qg2#) 38... Kb7 39. Qxb5+ (39. Bxb5 $2 Qg2#) 39... Ka8 40. Qc6+ Kb8 41. Qb6+ Ka8 42. Qa6+ Kb8 43. Qb5+ Kc8 44. Qc6+ Kb8 45. Qb6+ Ka8 46. Qa5+ Kb8 47. Qb6+) 34. f4 (34. Bxb5 $2 Qe3+ 35. Kh1 d3 36. Bxd3 (36. cxd6+ Kf8 37. Bxd3 Qxd3 38. Rc1 Qe3 39. Qc2 Ra2 40. d7 Rxc2 41. d8=Q+ Kg7) 36... Qxd3 $19) 34... dxc5 35. Rxc5 (35. Bxb5 d3 36. Qxd3 (36. Bxd3 $2 Qh8 $19) (36. Rxc5 Ra2 $11) 36... Ra1+ 37. Kf2 Rf1+ 38. Ke3 g5 $11) 35... Ra2 36. Bc2 (36. Bxb5 $2 Rg2+ 37. Kh1 Rxh2+ 38. Kxh2 Bg4+ 39. Kg1 Bxd1 $19) 36... Qh8 {[%emt 0:01:03] [#]} 37. Re5+ $1 (37. Rxb5 Qc8 38. Rc5 Qa6 $17) 37... Be6 38. Qxd4 $1 ({Weaker is} 38. Rxb5 Qa8 39. Qd3 Bh3 $11) 38... f6 $2 {[%emt 0:01:31] [#]} (38... Rxc2 $2 {is the wrong capture.} 39. Rxe6+ Kxe6 40. Qxh8 $18) (38... Kf8 $18) 39. Rxe6+ $1 {[%emt 0:00:12] White mates.} Kxe6 40. Bb3+ Ke7 41. Qc5+ Kd8 42. Bxa2 f5 43. Qd5+ Kc8 44. Qa8+ {[%emt 0:00:04] Weighted Error Value: White=0.22 (precise) /Black=0.47.  Loses game:     	---       	Black=2      Mistake:       	White=4     	Black=4      Inaccurate:     	White=1     	Black=1      OK:         	White=10    	Black=9      Best:        	---       	Black=1      Strong:       	White=2     	Black=1      Brilliant:      	White=1     	---} 1-0

[Event "Romanian-ch Youth Girls U16 2024"]
[Site "Eforie Nord"]
[Date "2024.04.17"]
[Round "7.1"]
[White "Maria, Lia-Alexandra"]
[Black "Mohonea, Maria"]
[Result "1-0"]
[ECO "B48"]
[WhiteElo "1924"]
[BlackElo "1481"]
[Annotator "TA"]
[PlyCount "37"]
[EventDate "2024.04.10"]
[EventType "swiss"]
[EventCountry "ROU"]
[SourceTitle "playchess.com"]
[Source "ChessBase"]
[SourceQuality "1"]
[TimeControl "5400+30"]

1. e4 c5 2. Nf3 e6 3. d4 cxd4 4. Nxd4 Nc6 5. Nc3 Qc7 6. Be3 a6 7. Qf3 Nf6 8. O-O-O Be7 9. Be2 {[%emt 0:03:05] White is slightly better.} b5 {[%emt 0:06:33] [#]} (9... d6 $14 {is superior.}) 10. e5 $1 $16 Bb7 {[%emt 0:20:33][%cal Bc8b7,Bb7c6,Bc6d5][%mdl 32] Strongly threatening ...Nxd4.} 11. Nxc6 ({But not} 11. exf6 $6 Nxd4 12. fxg7 Rg8 $15) 11... Bxc6 12. Qg3 $36 {[%emt 0:00:33][%mdl 2048] White is on the roll. White is more active.} Nd5 (12... Ne4 $142 13. Qxg7 Rf8) 13. Nxd5 Bxd5 14. Qxg7 O-O-O {[%emt 0:01:11] Black is weak on the dark squares} (14... Rf8 $16) 15. Qxf7 Bb4 (15... Bc5 $16) 16. a3 Ba5 $2 {[%emt 0:00:59] [#]} (16... Bc5 {was worth a try.} 17. Bh6 Rhg8) 17. Rxd5 $3 $18 exd5 18. Qxd5 {[%emt 0:00:07] And now Qa8+ would win.} Rde8 (18... Qc6 $142 19. Rd1 (19. Qxc6+ dxc6 20. Bd3 c5 $18) 19... Rhg8) 19. Qa8+ {[%emt 0:00:17] White took control after the opening.   Weighted Error Value: White=0.20 (precise) /Black=0.71.  Mistake:       	---       	Black=6      Inaccurate:     	---       	Black=1      OK:         	White=5     	Black=1      Best:        	White=1     	Black=1      Brilliant:      	White=1     	---} 1-0

[Event "Romanian-ch Youth Girls U16 2024"]
[Site "Eforie Nord"]
[Date "2024.04.17"]
[Round "7.2"]
[White "Pandelescu, Maria-Catalina"]
[Black "Rusu, Anastasia"]
[Result "0-1"]
[ECO "D26"]
[WhiteElo "1730"]
[BlackElo "1590"]
[Annotator "NA RC COMBH"]
[PlyCount "94"]
[EventDate "2024.04.10"]
[EventType "swiss"]
[EventCountry "ROU"]
[SourceTitle "playchess.com"]
[Source "ChessBase"]
[SourceQuality "1"]
[TimeControl "5400+30"]

1. e4 c6 2. c4 d5 3. exd5 cxd5 4. cxd5 Qxd5 5. Nc3 Qd8 6. d4 e6 7. Nf3 Nf6 8. Bc4 Be7 9. O-O O-O 10. Bf4 a6 11. a4 Nbd7 12. Ne5 Nb6 13. Bb3 Nbd5 14. Bg3 Nxc3 15. bxc3 Ne4 16. Qd3 Nxg3 17. Qxg3 Bd6 18. Qe3 Qc7 19. h3 b6 20. Nf3 Bb7 21. c4 Rfe8 22. Rfe1 Rad8 23. Qc3 Qe7 24. Qe3 Qc7 25. Re2 Bf4 26. Qc3 Bxf3 27. Qxf3 Rxd4 28. g3 Be5 29. Rc1 Red8 30. Qh5 Bxg3 31. fxg3 Qxg3+ 32. Rg2 Qe3+ 33. Kh2 Qf4+ 34. Kh1 Qxc1+ 35. Rg1 Qf4 36. Rg2 f5 37. c5 Qe5 38. cxb6 Rb8 39. a5 g6 40. Qg5 Rd7 41. Qc1 Rd3 42. Rh2 Rxb3 43. h4 Qxa5 44. h5 Qd5+ 45. Kg1 Rg3+ 46. Kf1 Qf3+ 47. Rf2 Qh1+ 0-1